| TOP OF THE 1ST |
|
Colorado (EL) Rockies batting - Pitching for Springfield Cardinals : LHP Drew Roemer
|
|
Pitching: LHP Drew Roemer
|
|
|
Batting: RHB Matt Fabre
|
0-0: Ball 1-0: Foul Ball, location: 2F 1-1: Foul Ball, location: 2F 1-2: Ground out 3-1 (Groundball, 34S, EV 80.0 MPH)
|
|
Batting: LHB Elijah Black
|
0-0: Ball 1-0: Swinging Strike 1-1: DOUBLE (Line Drive, 3D, EV 95.6 MPH)
|
|
Batting: SHB Jon Munoz
|
0-0: SINGLE (Line Drive, 3D, EV 101.2 MPH) Elijah Black to third Runner from 3rd tries for Home, SAFE, throw by RF to home
|
|
Batting: LHB Tony Ponce
|
0-0: Called Strike 0-1: Ball 1-1: Ball Jon Munoz is caught stealing 2nd base 2-6 2-1: Foul Ball, location: 2F 2-2: Ball 3-2: Ground out 4-3 (Groundball, 4, EV 104.4 MPH)
|
| Top of the 1st over - 1 run, 2 hits, 0 errors, 0 left on base; Colorado (EL) 1 - Springfield 0 |
| BOTTOM OF THE 1ST |
|
Springfield Cardinals batting - Pitching for Colorado (EL) Rockies : LHP Adrian Hamilton
|
|
Pitching: LHP Adrian Hamilton
|
|
|
Batting: RHB John Parra
|
0-0: Called Strike 0-1: Called Strike 0-2: Ball 1-2: Foul Ball, location: 2F 1-2: Ball 2-2: Ground out 1-3 (Groundball, 23, EV 61.9 MPH)
|
|
Batting: RHB Dave Cluster
|
0-0: Foul Ball, location: 2F 0-1: Foul Ball, location: 2F 0-2: Ball 1-2: Ball 2-2: Ball 3-2: Foul Ball, location: 2F 3-2: Ground out 1-3 (Groundball, 34S, EV 69.4 MPH)
|
|
Batting: LHB Tim Olsen
|
0-0: Ball 1-0: Called Strike 1-1: Swinging Strike 1-2: Foul Ball, location: 2F 1-2: Ball 2-2: Strikes out swinging
|
| Bottom of the 1st over - 0 runs, 0 hits, 0 errors, 0 left on base; Colorado (EL) 1 - Springfield 0 |
| TOP OF THE 2ND |
|
Colorado (EL) Rockies batting - Pitching for Springfield Cardinals : LHP Drew Roemer
|
|
Batting: RHB Matt Wheaton
|
0-0: Ball 1-0: Foul Ball, location: 2F 1-1: Ball 2-1: Ball 3-1: Called Strike 3-2: Strikes out swinging
|
|
Batting: LHB Eric Ludwig
|
0-0: Called Strike 0-1: Ball 1-1: Swinging Strike 1-2: Ball 2-2: Strikes out looking
|
|
Batting: RHB R.J. Anchondo
|
0-0: Foul Ball, location: 2F 0-1: Swinging Strike 0-2: Ball 1-2: Strikes out swinging
|
| Top of the 2nd over - 0 runs, 0 hits, 0 errors, 0 left on base; Colorado (EL) 1 - Springfield 0 |
| BOTTOM OF THE 2ND |
|
Springfield Cardinals batting - Pitching for Colorado (EL) Rockies : LHP Adrian Hamilton
|
|
Batting: RHB David Fernandez
|
0-0: Ball 1-0: Foul Ball, location: 2F 1-1: Swinging Strike 1-2: Ball 2-2: Ground out 5-3 (Groundball, 5, EV 110.0 MPH)
|
|
Batting: RHB Jason Keller
|
0-0: Ball 1-0: Ball 2-0: Ball 3-0: Called Strike 3-1: Foul Ball, location: 2F 3-2: Base on Balls
|
|
Batting: RHB Klaas Meij
|
0-0: Called Strike 0-1: Ball 1-1: Foul Ball, location: 2F 1-2: Ball 2-2: Ball 3-2: DOUBLE (Line Drive, 7LS, EV 111.2 MPH) Jason Keller to third Runner from 3rd tries for Home, SAFE, no throw by LF
|
|
Batting: LHB Chris Raymond
|
0-0: Ball 1-0: Foul Ball, location: 2F 1-1: Fly out, F7 (Flyball, 7, EV 93.8 MPH)
|
|
Batting: RHB Daniel Samano
|
0-0: Ball 1-0: Fly out, F4 (Popup, 3S, EV 80.0 MPH)
|
| Bottom of the 2nd over - 1 run, 1 hit, 0 errors, 1 left on base; Colorado (EL) 1 - Springfield 1 |
| TOP OF THE 3RD |
|
Colorado (EL) Rockies batting - Pitching for Springfield Cardinals : LHP Drew Roemer
|
|
Batting: RHB Max Schellekens
|
0-0: Ball 1-0: Swinging Strike 1-1: Foul Ball, location: 2F 1-2: Foul Ball, location: 2F 1-2: Fly out, F4 (Popup, 4, EV 72.5 MPH)
|
|
Batting: RHB Jerry Edmiston
|
0-0: Foul Ball, location: 2F 0-1: SINGLE (Groundball, 4D, EV 101.2 MPH)
|
|
Batting: RHB Matt Fabre
|
0-0: Ball 1-0: Ball 2-0: Ball 3-0: Called Strike 3-1: Called Strike 3-2: Grounds into double play, 3-6-3 (Groundball, 34, EV 81.9 MPH)
|
| Top of the 3rd over - 0 runs, 1 hit, 0 errors, 0 left on base; Colorado (EL) 1 - Springfield 1 |
| BOTTOM OF THE 3RD |
|
Springfield Cardinals batting - Pitching for Colorado (EL) Rockies : LHP Adrian Hamilton
|
|
Batting: LHB Robert Rauda
|
0-0: Ball 1-0: Foul Ball, location: 2F 1-1: Ball 2-1: Foul Ball, location: 2F 2-2: Foul Ball, location: 2F 2-2: Strikes out swinging
|
|
Batting: RHB John Parra
|
0-0: Ball 1-0: Foul Ball, location: 2F 1-1: SINGLE (Groundball, 4MS, EV 72.5 MPH) (infield hit)
|
|
Batting: RHB Dave Cluster
|
0-0: Ball 1-0: Ball 2-0: 2-RUN HOME RUN (Flyball, 7D, EV 94.4 MPH), Distance : 385 ft
|
|
Batting: LHB Tim Olsen
|
0-0: Ball 1-0: Called Strike 1-1: Foul Ball, location: 2F 1-2: Strikes out swinging
|
|
Batting: RHB David Fernandez
|
0-0: Called Strike 0-1: Ball 1-1: Ball 2-1: Foul Ball, location: 2F 2-2: SOLO HOME RUN (Flyball, 7D, EV 101.9 MPH), Distance : 379 ft
|
|
Batting: RHB Jason Keller
|
0-0: Ball 1-0: Called Strike 1-1: Called Strike 1-2: Ball 2-2: Strikes out swinging
|
| Bottom of the 3rd over - 3 runs, 3 hits, 0 errors, 0 left on base; Colorado (EL) 1 - Springfield 4 |
| TOP OF THE 4TH |
|
Colorado (EL) Rockies batting - Pitching for Springfield Cardinals : LHP Drew Roemer
|
|
Batting: LHB Elijah Black
|
0-0: Ball 1-0: Foul Ball, location: 2F 1-1: Called Strike 1-2: Ball 2-2: Ground out 4-3 (Groundball, 4, EV 90.0 MPH)
|
|
Batting: SHB Jon Munoz
|
0-0: Swinging Strike 0-1: Ball 1-1: Fly out, F4 (Popup, 23, EV 88.8 MPH)
|
|
Batting: LHB Tony Ponce
|
0-0: Called Strike 0-1: Swinging Strike 0-2: Strikes out looking
|
| Top of the 4th over - 0 runs, 0 hits, 0 errors, 0 left on base; Colorado (EL) 1 - Springfield 4 |
| BOTTOM OF THE 4TH |
|
Springfield Cardinals batting - Pitching for Colorado (EL) Rockies : LHP Adrian Hamilton
|
|
Batting: RHB Klaas Meij
|
0-0: Ball 1-0: Called Strike 1-1: Foul Ball, location: 2F 1-2: Strikes out swinging
|
|
Batting: LHB Chris Raymond
|
0-0: Ball 1-0: Foul Ball, location: 2F 1-1: Ball 2-1: SINGLE (Flyball, 78S, EV 96.2 MPH)
|
|
Batting: RHB Daniel Samano
|
0-0: Fielders Choice at 2nd, 5-4 (Groundball, 56, EV 81.2 MPH)
|
|
Batting: LHB Robert Rauda
|
0-0: Ball 1-0: Called Strike 1-1: Ball 2-1: Called Strike 2-2: Foul Ball, location: 2F 2-2: Fly out, F9 (Flyball, 9LM, EV 85.6 MPH)
|
| Bottom of the 4th over - 0 runs, 1 hit, 0 errors, 1 left on base; Colorado (EL) 1 - Springfield 4 |
| TOP OF THE 5TH |
|
Colorado (EL) Rockies batting - Pitching for Springfield Cardinals : LHP Drew Roemer
|
|
Batting: RHB Matt Wheaton
|
0-0: Reached on error, E1 (Groundball, 13S, EV 68.1 MPH)
|
|
Batting: LHB Eric Ludwig
|
0-0: Ball 1-0: Foul Ball, location: 2F 1-1: Ball 2-1: Ball 3-1: Swinging Strike 3-2: Ground out 1-3 (Groundball, 34S, EV 70.6 MPH) Matt Wheaton to third
|
|
Batting: RHB R.J. Anchondo
|
0-0: Called Strike 0-1: Ball 1-1: Ground out 6-3 (Groundball, 6, EV 81.2 MPH) Matt Wheaton scores
|
|
Batting: RHB Max Schellekens
|
0-0: Ball 1-0: Foul Ball, location: 2F 1-1: Foul Ball, location: 2F 1-2: Ball 2-2: Ball 3-2: DOUBLE (Line Drive, 7LM, EV 87.5 MPH)
|
|
Batting: RHB Jerry Edmiston
|
0-0: Ball 1-0: Foul Ball, location: 2F 1-1: Called Strike 1-2: Strikes out swinging
|
| Top of the 5th over - 1 run, 1 hit, 1 error, 1 left on base; Colorado (EL) 2 - Springfield 4 |
| BOTTOM OF THE 5TH |
|
Springfield Cardinals batting - Pitching for Colorado (EL) Rockies : LHP Adrian Hamilton
|
|
Batting: RHB John Parra
|
0-0: Foul Ball, location: 2F 0-1: Foul Ball, location: 2F 0-2: Strikes out swinging
|
|
Batting: RHB Dave Cluster
|
0-0: Called Strike 0-1: Called Strike 0-2: Ball 1-2: Strikes out swinging
|
|
Batting: LHB Tim Olsen
|
0-0: Ball 1-0: Called Strike 1-1: Fly out, F8 (Line Drive, 8RD, EV 90.6 MPH)
|
| Bottom of the 5th over - 0 runs, 0 hits, 0 errors, 0 left on base; Colorado (EL) 2 - Springfield 4 |
| TOP OF THE 6TH |
|
Colorado (EL) Rockies batting - Pitching for Springfield Cardinals : LHP Drew Roemer
|
|
Batting: RHB Matt Fabre
|
0-0: Ground out 4-3 (Groundball, 4, EV 108.8 MPH)
|
|
Batting: LHB Elijah Black
|
0-0: Ball 1-0: Called Strike 1-1: Ball 2-1: Ground out 6-3 (Groundball, 6, EV 108.1 MPH)
|
|
Batting: SHB Jon Munoz
|
0-0: Fly out, F4 (Popup, 4, EV 53.1 MPH)
|
| Top of the 6th over - 0 runs, 0 hits, 0 errors, 0 left on base; Colorado (EL) 2 - Springfield 4 |
| BOTTOM OF THE 6TH |
|
Springfield Cardinals batting - Pitching for Colorado (EL) Rockies : LHP Adrian Hamilton
|
|
Pitching: LHP Rich Byrd
|
|
|
Batting: RHB David Fernandez
|
0-0: Called Strike 0-1: Ball 1-1: Ball 2-1: Foul Ball, location: 2F 2-2: Ball 3-2: Ground out 5-3 (Groundball, 5L, EV 86.9 MPH)
|
|
Batting: RHB Jason Keller
|
0-0: Called Strike 0-1: Ball 1-1: Ball 2-1: Called Strike 2-2: Foul Ball, location: 2F 2-2: Ball 3-2: Ground out 6-3 (Groundball, 6, EV 85.0 MPH)
|
|
Batting: RHB Klaas Meij
|
0-0: Ball 1-0: Ball 2-0: Swinging Strike 2-1: DOUBLE (Flyball, 7LD, EV 106.2 MPH)
|
|
Batting: LHB Chris Raymond
|
0-0: Ball 1-0: Called Strike 1-1: Swinging Strike 1-2: Ball 2-2: Strikes out looking
|
| Bottom of the 6th over - 0 runs, 1 hit, 0 errors, 1 left on base; Colorado (EL) 2 - Springfield 4 |
| TOP OF THE 7TH |
|
Colorado (EL) Rockies batting - Pitching for Springfield Cardinals : LHP Drew Roemer
|
|
Batting: LHB Tony Ponce
|
0-0: Ball 1-0: Foul Ball, location: 2F 1-1: DOUBLE (Flyball, 8LXD, EV 106.2 MPH)
|
|
Batting: RHB Matt Wheaton
|
0-0: Ground out 6-3 (Groundball, 6, EV 87.5 MPH) Tony Ponce to third
|
|
Batting: LHB Eric Ludwig
|
0-0: Ball 1-0: SINGLE (Groundball, 34D, EV 100.0 MPH) Tony Ponce scores
|
|
Batting: RHB R.J. Anchondo
|
0-0: Called Strike 0-1: Ball 1-1: Called Strike 1-2: Ball 2-2: Ball 3-2: Grounds into double play, 6-4-3 (Groundball, 6, EV 100.0 MPH)
|
| Top of the 7th over - 1 run, 2 hits, 0 errors, 0 left on base; Colorado (EL) 3 - Springfield 4 |
| BOTTOM OF THE 7TH |
|
Springfield Cardinals batting - Pitching for Colorado (EL) Rockies : LHP Rich Byrd
|
|
Batting: RHB Daniel Samano
|
0-0: Called Strike 0-1: Fly out, F8 (Flyball, 8RM, EV 90.0 MPH)
|
|
Batting: LHB Robert Rauda
|
0-0: Ball 1-0: Called Strike 1-1: Ball 2-1: Called Strike 2-2: Fly out, F4 (Flyball, 4MD, EV 89.4 MPH)
|
|
Batting: RHB John Parra
|
0-0: Called Strike 0-1: Ball 1-1: Ball 2-1: Swinging Strike 2-2: Strikes out swinging
|
| Bottom of the 7th over - 0 runs, 0 hits, 0 errors, 0 left on base; Colorado (EL) 3 - Springfield 4 |
| TOP OF THE 8TH |
|
Colorado (EL) Rockies batting - Pitching for Springfield Cardinals : LHP Drew Roemer
|
|
Batting: RHB Max Schellekens
|
0-0: Called Strike 0-1: Ball 1-1: SINGLE (Line Drive, 9LM, EV 100.0 MPH)
|
|
Batting: RHB Jerry Edmiston
|
0-0: Called Strike 0-1: Called Strike 0-2: Fielders Choice at 2nd, 4-6 (Groundball, 34, EV 96.2 MPH)
|
|
Pitching: RHP Cory Falcon
|
|
|
Batting: RHB Matt Fabre
|
0-0: Called Strike 0-1: Swinging Strike 0-2: Ball 1-2: Strikes out swinging
|
|
Batting: LHB Elijah Black
|
0-0: Foul Ball, location: 2F 0-1: Ball 1-1: Ball 2-1: Ball 3-1: Foul Ball, location: 2F 3-2: Ground out 6-3 (Groundball, 56, EV 97.5 MPH)
|
| Top of the 8th over - 0 runs, 1 hit, 0 errors, 1 left on base; Colorado (EL) 3 - Springfield 4 |
| BOTTOM OF THE 8TH |
|
Springfield Cardinals batting - Pitching for Colorado (EL) Rockies : LHP Rich Byrd
|
|
Pitching: LHP Bill Ogren
|
|
|
Batting: RHB Dave Cluster
|
0-0: Foul Ball, location: 2F 0-1: Ground out 4-3 (Groundball, 4, EV 83.1 MPH)
|
|
Batting: LHB Tim Olsen
|
0-0: Ball 1-0: Called Strike 1-1: Ball 2-1: Foul Ball, location: 2F 2-2: Ball 3-2: Base on Balls
|
|
Batting: RHB David Fernandez
|
0-0: Called Strike 0-1: Ball 1-1: Foul Ball, location: 2F 1-2: Ball 2-2: Ball Wild Pitch! Tim Olsen to second 3-2: Base on Balls
|
|
Batting: RHB Jason Keller
|
0-0: SINGLE (Line Drive, 7S, EV 106.2 MPH) Tim Olsen to third David Fernandez to second
|
|
Batting: RHB Klaas Meij
|
0-0: Called Strike 0-1: Foul Ball, location: 2F 0-2: Ball 1-2: Strikes out swinging
|
|
Batting: LHB Chris Raymond
|
0-0: Ball 1-0: Called Strike 1-1: Foul Ball, location: 2F 1-2: Ball 2-2: Strikes out swinging
|
| Bottom of the 8th over - 0 runs, 1 hit, 0 errors, 3 left on base; Colorado (EL) 3 - Springfield 4 |
| TOP OF THE 9TH |
|
Colorado (EL) Rockies batting - Pitching for Springfield Cardinals : RHP Cory Falcon
|
|
Pitching: RHP Yasushi Osumi
|
|
|
Batting: SHB Jon Munoz
|
0-0: Reached on error, E6 (Groundball, 6, EV 86.2 MPH)
|
|
Batting: LHB Tony Ponce
|
0-0: Ball 1-0: Foul Ball, location: 2F 1-1: Called Strike 1-2: Foul Ball, location: 2F 1-2: Ball 2-2: Ball 3-2: Strikes out swinging
|
|
Batting: RHB Matt Wheaton
|
0-0: Ball 1-0: Called Strike 1-1: Ball 2-1: Fielders Choice at 2nd, 4-6 (Groundball, 34S, EV 76.9 MPH)
|
|
Batting: LHB Eric Ludwig
|
0-0: Ball 1-0: Swinging Strike 1-1: Ball 2-1: Foul Ball, location: 2F 2-2: Foul Ball, location: 2F 2-2: Fly out, F7 (Flyball, 7, EV 91.2 MPH)
|
| Top of the 9th over - 0 runs, 0 hits, 1 error, 1 left on base; Colorado (EL) 3 - Springfield 4 |
|